AoeStats
← DaegonMagno

Arabia

510711702Analyzed
1v1 RM · 23h ago on Oct 2, 2026· 34m 44s· 2 players
Game mode
Random Map
Map size
Tiny (2 player)
Population
200
Speed
Normal
Resources
Standard
Victory
Conquest
Starting age
Dark Age
Ending age
Imperial Age
RankedLock teamsTeams togetherTeam positionsShared explorationLock speedFull tech treeHidden civsTurbo modeCheats
Victory
Defeat
🇬🇧 Lithuanians · United Kingdom
795
+15
🇨🇴 Aztecs · Colombia
771
-15
DaegonMagno
12:32 Feudal Age
13:11 Double-Bit Axe
16:11 Horse Collar
16:24 Gold Mining
17:37 Loom
24:05 Castle Age
26:00 Gold Shaft Mining
25:37 Bow Saw
25:29 Heavy Plow
26:14 Wheelbarrow
26:54 Redemption
32:23 Imperial Age
30:46 Stone Mining
31:10 Murder Holes
32:12 Fervor
32:40 Sanctity
33:51 Theocracy
Wrongberg
6:58 Loom
9:53 Feudal Age
10:53 Double-Bit Axe
21:13 Castle Age
19:37 Bloodlines
19:48 Horse Collar
21:34 Scale Barding Armor
22:10 Husbandry
22:43 Bow Saw
22:52 Gold Mining
25:18 Fervor
26:04 Wheelbarrow
27:38 Chain Barding Armor
29:06 Forging
31:39 Iron Casting
31:41 Heavy Plow
Connection lost

Rejoining the realm…

Still unreachable

The connection could not be restored.

Session expired

The server has moved on; the page needs a fresh start.